 Dungeon Crawl Stone Soup version 0.28.0-53-g5a82cb258f (webtiles) character file.

Game seed: 12064699474773639366

127 pkoi the Ruffian (level 4, -1/36 HPs)
             Began as a Demigod Gladiator on June 5, 2022.
             Killed from afar by Ijyb (24 damage)
             ... with a bolt of acid
             ... on level 3 of the Dungeon.
             The game lasted 00:04:18 (3078 turns).

pkoi the Ruffian (Demigod Gladiator)                Turns: 3078, Time: 00:04:18

Health: -1/36      AC:  9    Str: 19    XL:     4   Next: 56%
Magic:  6/6        EV:  8    Int: 10    God:
Gold:   143        SH:  0    Dex: 15    Spells: 3/3 levels left

rFire   . . .      SeeInvis .   m - +0 short sword (venom)
rCold   . . .      Faith    .   (no shield)
rNeg    . . .      Spirit   .   f - +0 chain mail
rPois   .          Reflect  .   b - +0 helmet
rElec   .          Harm     .   (no cloak)
rCorr   .          Rampage  .   (no gloves)
Will    .....                   (no boots)
Stlth   ..........              (no amulet)
HPRegen 0.12/turn               (no ring)
MPRegen 0.10/turn               (no ring)

@: no status effects
A: high MP 1, forlorn, divine attributes
a: no special abilities


You were on level 3 of the Dungeon.
You visited 1 branch of the dungeon, and saw 3 of its levels.

You collected 143 gold pieces.

Inventory:

Hand Weapons
 e - a +0 long sword
 g - a +0 spear
 i - a +0 dagger
 l - a +0 hunting sling
 m - a +0 short sword of venom (weapon)
 r - a +0 dagger of electrocution
Missiles
 c - 3 throwing nets (quivered)
 n - 81 stones
Armour
 a - a +0 leather armour
 b - a +0 helmet (worn)
 f - a +0 chain mail (worn)
Scrolls
 h - a scroll of identify
 k - a scroll of torment {unknown}
 o - a scroll of vulnerability {unknown}
 p - a scroll of magic mapping {unknown}
 q - a scroll of noise {unknown}
Potions
 d - 2 potions of ambrosia
 j - 2 potions of curing {unknown}


   Skills:
 - Level 1.7 Fighting
 - Level 1.7 Throwing
 - Level 2.6 Dodging
 + Level 5.1 Unarmed Combat


You had 3 spell levels left.
You didn't know any spells.
Your spell library was empty.

Dungeon Overview and Level Annotations

Branches:
Dungeon (3/15)

Shops:
D:2 [[:

Annotations:
D:3 1 transporter, Ijyb


Innate Abilities, Weirdness & Mutations

You have an increased reservoir of magic. (+10% MP)
You shall have no god before yourself.
Your divine heritage dramatically boosts your attributes as you level up.


Message History

The ball python constricts you.
You hit the ball python. Your punch misses the ball python.
The ball python is severely wounded.
The ball python bites you but does no damage.
The ball python constricts you.
You hit the ball python.
You kill the ball python!
You start resting.
HP restored.
A hobgoblin comes into view.
The hobgoblin shouts!
You see here 16 stones.
A hobgoblin is nearby!
A hobgoblin is nearby!
n - 81 stones (gained 16)
You hit the hobgoblin.
The hobgoblin is poisoned.
The hobgoblin is moderately wounded.
The hobgoblin closely misses you.
You hit the hobgoblin.
The hobgoblin looks as sick as possible!
Your punch misses the hobgoblin.
The hobgoblin is almost dead.
You kill the hobgoblin!
You see here a hobgoblin corpse.
Found a stone staircase leading up.
There is a stone staircase leading up here.
Found a transporter.
No target in view!
No target in view!
No target in view!
Ijyb the Twisted Goblin comes into view.
She is wielding a +0 club and carrying a wand of acid (12).
Ijyb shouts!
Ijyb moves out of view.
Ijyb zaps a wand.
The bolt of acid hits you!
* * * LOW HITPOINT WARNING * * *
You are too injured to fight recklessly!
You are too injured to fight recklessly!
Ijyb zaps a wand.
The bolt of acid hits you!!
Ouch! That really hurt!
You die...

.. .. ####### .. .......
.# ....... .## .g.....
..# ###########.......
..# #.........@.......
..#####.###.....#####.##
...................#
.....................
##.####...#.....####..
#......©......... .
#..#########..#.##
#..#8P$©$P8#..#.#
#..#≈..!..P#..


You could see Ijyb.

Vanquished Creatures
  An orc priest (D:3)
  2 adders (D:2)
  6 dart slugs
  3 orcs (D:3)
  4 ball pythons
  3 endoplasms (D:1)
  4 giant cockroaches
  2 goblins
  6 hobgoblins
  10 jackals
  A quokka (D:1)
  2 bats
  A frilled lizard (D:2)
  9 kobolds
  8 rats
62 creatures vanquished.

Notes
Turn   | Place    | Note
-------+----------+-------------------------------------------
     0 | D:1      | pkoi the Demigod Gladiator began the quest for the Orb.
     0 | D:1      | Reached XP level 1. HP: 17/17 MP: 3/3
   317 | D:1      | Reached skill level 3 in Unarmed Combat
   444 | D:1      | Reached XP level 2. HP: 19/24 MP: 4/4
  1059 | D:1      | Reached XP level 3. HP: 26/29 MP: 5/5
  1255 | D:1      | Reached skill level 4 in Unarmed Combat
  1466 | D:2      | Found Dezam's Book Boutique.
  1477 | D:2      | Found Neic's Armour Boutique.
  1518 | D:2      | Found Keabytte's Antique Armour Emporium.
  2266 | D:2      | Reached XP level 4. HP: 36/36 MP: 6/6
  2563 | D:3      | Reached skill level 5 in Unarmed Combat
  3063 | D:3      | Found a transporter.
  3075 | D:3      | Noticed Ijyb
  3078 | D:3      | Killed from afar by Ijyb

Illustrated notes

Levels and vault maps discovered:
D:1:      matt_arrival_los_fun, layout_basic, skrybe_limestone_x
D:2:      layout_basic, serial_shops, nicolae_shop_trees, shop, shop_coins,
          hellmonk_ecumenical_altar_pennies_from_heaven, kennysheep_doodads,
          hex_intersection
D:3:      gammafunk_wand_slinger, layout_basic, uniq_ijyb

Skill      XL: |  1  2  3  4 |
---------------+-------------+-----
Unarmed Combat | 3 4 5 |  5.1
Fighting       | |  1.7
Throwing       | |  1.7
Dodging        | |  2.6

Action                   |  1- 3 |  4- 6 || total
-------------------------+-------+-------++-------
Melee: Unarmed           |   122 |       ||   122
       Punch             |     2 |     1 ||     3
       Short sword       |    64 |    38 ||   102
  Use: Scroll            |     2 |       ||     2
Armor: Chain mail        |   137 |    14 ||   151
       Leather armour    |     2 |       ||     2
Dodge: Dodged            |    86 |    13 ||    99
